 Dungeon Crawl Stone Soup version 0.29.1 (webtiles) character file.

Game seed: 7305321596530935540

1016 funnyparkerb the Slasher (level 8, -1/65 HPs)
             Began as a Merfolk Monk on Sept 13, 2022.
             Slain by an orc warrior
             ... wielding a +0 flail
              (8 damage)
             ... on level 6 of the Dungeon.
             The game lasted 00:14:20 (6757 turns).

funnyparkerb the Slasher (Merfolk Monk)             Turns: 6757, Time: 00:14:20

Health: -1/65      AC: 10    Str: 11    XL:     8   Next: 21%
Magic:  8/8        EV: 11    Int:  9    God:
Gold:   306        SH:  0    Dex: 19    Spells: 7/7 levels left

rFire   . . .      SeeInvis .   a - +0 falchion
rCold   + . .      Faith    .   (no shield)
rNeg    . . .      Spirit   .   w - +0 scale mail
rPois   .          Reflect  .   n - +2 hat
rElec   .          Harm     .   (no cloak)
rCorr   .          Rampage  .   j - +1 pair of gloves
Will    .....                   (no boots)
Stlth   +.........              (no amulet)
HPRegen 0.20/turn               g - ring of protection from cold
MPRegen 0.11/turn               (no ring)

@: no status effects
A: (nimble swimmer 2), mertail
a: no special abilities


You were on level 6 of the Dungeon.
You visited 1 branch of the dungeon, and saw 6 of its levels.

You collected 306 gold pieces.

Inventory:

Hand Weapons
 a - a +0 falchion (weapon)
 c - a +1 morningstar of protection
Armour
 j - a +1 pair of gloves (worn)
 n - a +2 hat (worn)
 w - a +0 scale mail (worn)
Jewellery
 g - a ring of protection from cold (left hand)
Scrolls
 b - a scroll of fear {unknown}
 d - 2 scrolls of vulnerability {unknown}
 e - 2 scrolls of poison {unknown}
 f - a scroll of torment
 h - 2 scrolls of magic mapping {unknown}
 l - a scroll of butterflies
 m - 2 scrolls of amnesia {unknown}
 o - 5 scrolls of identify {unknown}
 s - 3 scrolls of teleportation {unknown}
Potions
 i - a potion of resistance {unknown}
 p - a potion of lignification {unknown}
 q - a potion of magic {unknown}
 u - 2 potions of attraction {unknown}
 v - 2 potions of mutation {unknown}


   Skills:
 * Level 6.9 Fighting
 - Level 7.0 Long Blades
 + Level 2.7 Armour
 + Level 6.5 Dodging
 - Level 2.1 Stealth


You had 7 spell levels left.
You didn't know any spells.
Your spell library contained the following spells:

 Spells                   Type           Power      Damage    Failure   Level
 Freeze                   Ice            0%         1d3       92%         1
 Sublimation of Blood     Necr           0%         N/A       98%         2
 Wereblood                Tmut           0%         N/A       98%         2
 Frozen Ramparts          Ice            0%         1d1       100%        3
 Hailstorm                Conj/Ice       0%         3d3       100%        4
 Ice Form                 Ice/Tmut       0%         N/A       100%        4
 Simulacrum               Ice/Necr       0%         N/A       100%        6
 Summon Hydra             Summ           0%         N/A       100%        7


Dungeon Overview and Level Annotations

Branches:
Dungeon (6/15)
 Temple: D:4-7

Altars:
Elyvilon
Kikubaaqudgha
Makhleb
Nemelex Xobeh
Uskayaw
Yredelemnul

Shops:
D:2 [   D:5 :[


Innate Abilities, Weirdness & Mutations

((You are very nimble when in or above water. (Stealth+, EV+, Speed+++)))
Your lower body shifts to a powerful aquatic tail in water.


Message History

You hit the orc wizard but do no damage.
The orc wizard is moderately wounded.
The orc wizard hits you but does no damage.
You slash the orc wizard!
The orc wizard is almost dead.
The orc wizard hits you but does no damage.
You slash the orc wizard!
You kill the orc wizard!
The orc warrior attacks as you move away!
The orc warrior hits you but does no damage.
There is a stone staircase leading up here.
You slash the orc warrior!
The orc warrior is moderately wounded.
The orc warrior hits you with a +0 flail!
You hit the orc warrior.
The orc warrior is heavily wounded.
The orc warrior barely misses you.
You hit the orc warrior but do no damage.
The orc warrior is heavily wounded.
The orc warrior closely misses you.
You hit the orc warrior but do no damage.
The orc warrior is heavily wounded.
The orc warrior hits you with a +0 flail!
You hit the orc warrior.
The orc warrior is severely wounded.
The orc warrior hits you with a +0 flail!
You hit the orc warrior but do no damage.
The orc warrior is severely wounded.
The orc warrior hits you with a +0 flail.
You hit the orc warrior but do no damage.
The orc warrior is severely wounded.
The orc warrior hits you but does no damage.
You hit the orc warrior but do no damage.
The orc warrior is severely wounded.
The orc warrior hits you with a +0 flail!
* * * LOW HITPOINT WARNING * * *
You hit the orc warrior.
The orc warrior is almost dead.
The orc warrior hits you with a +0 flail!
You die...

###.. ..#.... # #......##
. .##......# .#
(......... .# .........#
#.## .........##...#
.........@...###..
......##.o........
..................?.##
...........#......... .
#..................## ..
##....#......)......#
#..#.....#..............#
........................
#.........##.........#.#


You could see an orc warrior.

Vanquished Creatures
  Edmund (D:4)
  2 black bears
  An ogre (D:5)
  3 scorpions (D:5)
  A necrophage (D:6)
  2 hounds
  2 jellies
  Crazy Yiuf (D:2)
  An iguana (D:5)
  An orc wizard (D:6)
  A mummy (D:4)
  2 gnolls
  3 adders
  A worm (D:2)
  5 dart slugs
  18 orcs
  7 endoplasms
  3 giant cockroaches
  13 goblins
  8 hobgoblins
  8 kobolds
  4 quokkas
  11 ball pythons
  3 bats
  A frilled lizard (D:2)
  5 rats
  A spectral kobold (D:2)
109 creatures vanquished.

Vanquished Creatures (others)
  4 toadstools (D:1)
4 creatures vanquished.

Grand Total: 113 creatures vanquished

Notes
Turn   | Place    | Note
-------+----------+-------------------------------------------
     0 | D:1      | funnyparkerb the Merfolk Monk began the quest for the Orb.
     0 | D:1      | Reached XP level 1. HP: 18/18 MP: 1/1
   128 | D:1      | Reached skill level 4 in Long Blades
   301 | D:1      | Reached XP level 2. HP: 21/24 MP: 2/2
   931 | D:1      | Reached skill level 5 in Long Blades
   931 | D:1      | Reached XP level 3. HP: 29/29 MP: 3/3
  1063 | D:1      | You fall into a shaft and drop 1 floor!
  1648 | D:2      | Found Dualo's Armour Boutique.
  1781 | D:2      | Found a runed translucent door.
  1782 | D:2      | Noticed Crazy Yiuf
  1804 | D:2      | Reached XP level 4. HP: 35/35 MP: 4/4
  2093 | D:2      | Found a faded altar of an unknown god.
  2120 | D:2      | Reached skill level 6 in Long Blades
  2413 | D:2      | Killed Crazy Yiuf
  2725 | D:3      | Reached XP level 5. HP: 41/41 MP: 5/5
  2998 | D:3      | Identified the +7 dagger of Conformity {vorpal, *Noise Fly
                  | rCorr}
  3219 | D:3      | Found a burning altar of Makhleb.
  3489 | D:4      | Reached skill level 7 in Long Blades
  3820 | D:4      | Found a basalt altar of Yredelemnul.
  4048 | D:4      | Found a sparkling altar of Nemelex Xobeh.
  4102 | D:5      | Entered Level 5 of the Dungeon
  4185 | D:5      | Noticed a black bear
  4485 | D:5      | Found Abudyes's Antique Armour Shoppe.
  4504 | D:5      | Reached XP level 6. HP: 39/48 MP: 6/6
  4608 | D:5      | Reached skill level 1 in Armour
  5053 | D:5      | Killed a black bear
  5054 | D:5      | Reached skill level 5 in Fighting
  5054 | D:5      | Reached skill level 5 in Dodging
  5054 | D:5      | Reached XP level 7. HP: 49/56 MP: 7/7
  5137 | D:5      | Found a hide-covered altar of Uskayaw.
  5137 | D:5      | Noticed a +0 falchion
  5137 | D:5      | Noticed a +0 dagger
  5137 | D:5      | Noticed a +0 falchion
  5145 | D:5      | Found Puenluom's Book Shop.
  5149 | D:5      | Noticed Edmund
  5176 | D:4      | Killed Edmund
  5353 | D:5      | Noticed a +0 dagger
  5353 | D:5      | Noticed a +0 spear
  5360 | D:5      | Noticed a +0 short sword
  5361 | D:5      | Noticed a +0 short sword
  5362 | D:5      | Noticed a +0 spear
  5670 | D:5      | Found a white marble altar of Elyvilon.
  5993 | D:5      | Found an ancient bone altar of Kikubaaqudgha.
  6554 | D:6      | Reached XP level 8. HP: 51/65 MP: 8/8
  6757 | D:6      | Slain by an orc warrior

Illustrated notes

Levels and vault maps discovered:
D:1:      ldierk_walled_garden_2, layout_loops_corners, minivault_14,
          nicolae_kite_square_tiling_tiny, chequers_avenue
D:2:      layout_loops_cross, serial_shops, shop_fountains,
          dreamdust_ecumenical_altar_drowned_temple, uniq_crazy_yiuf_cottage
D:3:      layout_loops_ring, mainiacjoe_overflow_alcove_2, due_unseen_surprise
D:4:      layout_rooms, lemuel_tele_altar, nemelex_diamond_rough_becter,
          gup_ossuary_entry_pyramid
D:5:      layout_basic, lemuel_coloured_pillars_altar, pf_just_have_faith,
          nicolae_uskayaw_en_pointe, serial_shops, shop, nicolae_stop_n_shop_1,
          minmay_splitting_lines, minmay_ogre_servants, uniq_edmund
D:6:      layout_cave_pools, general_overflow_altar, serial_gnoll_camp,
          gnoll_camp_huts_basic, gnoll_camp_mini_hut, gnoll_camp_mini_doghouse,
          gnoll_camp_mini_shop, minmay_fractal_squares_diagonal_5

Skill      XL: |  1  2  3  4  5  6  7 |
---------------+----------------------+-----
Long Blades    | 4 5 6 7 |  7.0
Fighting       | 4 5 6 |  6.9
Armour         | 1 2 |  2.7
Dodging        | 5 6 |  6.5
Stealth        | |  2.1

Action                   |  1- 3 |  4- 6 |  7- 9 || total
-------------------------+-------+-------+-------++-------
Melee: Falchion          |   136 |   183 |   136 ||   455
       Punch             |     1 |     3 |     1 ||     5
Throw: Boomerang         |       |     6 |    12 ||    18
  Use: Scroll            |       |     2 |       ||     2
       Potion            |       |     1 |     3 ||     4
 Stab: Sleeping          |     3 |     3 |       ||     6
Armor: Robe              |     7 |       |       ||     7
       Ring mail         |    40 |    33 |       ||    73
       Scale mail        |       |    29 |    58 ||    87
Dodge: Dodged            |   105 |    95 |    63 ||   263
